 Dungeon Crawl Stone Soup version 0.20-a0-723-gf57855b (webtiles) character file.

11 Magnus the Magician (level 2, -2/22 HPs)
             Began as a Mummy Skald on Feb 22, 2017.
             Slain by a kobold
             ... wielding a +0 whip
              (6 damage)
             ... on level 1 of the Dungeon.
             The game lasted 00:01:55 (485 turns).

Magnus the Magician (Mummy Skald)                    Turns: 485, Time: 00:01:56

Health: -2/22      AC:  4    Str: 14    XL:     2   Next: 13%
Magic:  3/5        EV: 11    Int: 12    God:
Gold:   0          SH:  0    Dex: 11    Spells: 5/6 levels left

rFire    x . .     SeeInvis .   a - +0 falchion
rCold    + . .     Gourm    .   b - +0 leather armour
rNeg     + + +     Faith    .   (no shield)
rPois    ∞         Spirit   .   (no helmet)
rElec    .         Reflect  .   d - +0 cloak
rCorr    .         Harm     .   (no gloves)
MR       .....                  (no boots)
Stlth    +.........             (no amulet)
Regen    0.1/turn               (no ring)
MPRegen  0.1/turn               (no ring)

@: infused
A: no food or potions, fire vulnerability, cold resistance 1, negative energy
resistance 3, torment resistance, unbreathing
a: no special abilities


You were on level 1 of the Dungeon.
You were not hungry.

You visited 1 branch of the dungeon, and saw 1 of its levels.

Inventory:

Hand Weapons
 a - a +0 falchion (weapon)
Armour
 b - a +0 leather armour (worn)
 d - a +0 cloak (worn)
Scrolls
 e - a scroll of enchant armour {unknown}
Books
 c - a book of Battle

   Spells                             Type                      Level
   a - Infusion                       Charms                       1
   b - Shroud of Golubria             Charms/Translocation         2
   c - Song of Slaying                Charms                       2
   d - Spectral Weapon                Hexes/Charms                 3
   e - Regeneration                   Charms/Necromancy            3


   Skills:
 + Level 2.2 Fighting
 + Level 1.7 Long Blades
 - Level 0.7 Armour
 - Level 1.5 Dodging
 + Level 2.9 Spellcasting
 + Level 2.6 Charms


You had 5 spell levels left.
You knew the following spells:

 Your Spells              Type           Power        Failure   Level  Hunger
a - Infusion              Chrm           #...         14%         1    N/A

Dungeon Overview and Level Annotations

Branches:
Dungeon (1/15)

Altars:


Innate Abilities, Weirdness & Mutations

You do not eat or drink.
Your flesh is vulnerable to fire.
You are immune to poison.
Your flesh is cold resistant. (rC+)
You are immune to negative energy. (rN+++)
You are immune to unholy pain and torment.
You can survive without breathing.


Message History

Confirm with . or Enter, or press ? or * to list all spells.
You begin infusing your attacks with magical energy.
The giant cockroach barely misses you.
You are too injured to fight recklessly!
You are too injured to fight recklessly!
You are too injured to fight recklessly!
You are too injured to fight recklessly!
You hit the giant cockroach.
The giant cockroach is moderately wounded.
The giant cockroach bites you.
You hit the giant cockroach!
You kill the giant cockroach!
You closely miss the kobold. The kobold misses you.
The kobold barely misses you.
You riposte.
You miss the kobold. You barely miss the kobold.
The kobold hits you but does no damage.
You barely miss the kobold. The kobold hits you with a whip.
You closely miss the kobold. The kobold hits you with a whip.
* * * LOW HITPOINT WARNING * * *
You closely miss the kobold. The kobold hits you with a whip.
You die...

#.#.# ....#
#......#########.#.# ....#
#................#.####....#
#........#####.............#
.........# #..†..........#
........# #.............#
.......# ###...........+
#.#...#######.......#...#
#.#.......@K............'..
#...#########...........###
#.........# #...........#
#.#######.###.......#...#
#...†..................#..
###.#####.###########..'...
#######.#####........ .##...
#...#...#.....#######
###.#.#.###.###.......#


You could see a kobold.

Vanquished Creatures
  An ooze (D:1)
  A bat (D:1)
  2 giant cockroaches (D:1)
  A kobold (D:1)
  A frilled lizard (D:1)
6 creatures vanquished.

Notes
Turn   | Place    | Note
-------+----------+-------------------------------------------
     0 | D:1      | Magnus the Mummy Skald began the quest for the Orb.
     0 | D:1      | Reached XP level 1. HP: 16/16 MP: 4/4
   444 | D:1      | Reached XP level 2. HP: 22/22 MP: 5/5
   485 | D:1      | Slain by a kobold

Vault maps used:
D:1:      elethiomel_arrival_maze

Action                   || total
-------------------------++-------
Melee: Falchion          ||    33
 Cast: Infusion          ||     1
Armor: Leather armour    ||    13
Dodge: Dodged            ||    24
       Rpst.: Falchion   ||     5
